 Dungeon Crawl Stone Soup version 0.31-a0-609-g7bf6ffcfed (webtiles) character file.

Game seed: 11816726718230915454

1491 javelincjr the Sneak (level 8, -9/46 HPs)
             Began as an Octopode Conjurer on Aug 21, 2023.
             Was a Believer of Vehumet.
             Killed from afar by a gargoyle (12 damage)
             ... with a stone arrow
             ... in a bailey.
             The game lasted 00:36:07 (7465 turns).

javelincjr the Sneak (Octopode Conjurer)            Turns: 7465, Time: 00:36:07

Health: -9/46      AC:  1    Str:  6    XL:     8   Next: 80%
Magic:  5/14       EV: 13    Int: 23    God:    Vehumet [**....]
Gold:   308        SH:  6    Dex: 10    Spells: 11/15 levels left

rFire   . . .        I - +2 whip (drain)
rCold   . . .        o - +2 buckler
rNeg    . . .        p - +0 hat
rPois   .            (no amulet)
rElec   .            (no ring)
rCorr   .            (no ring)
SInv    .            (no ring)
Will    .....        (no ring)
Stlth   ++++         (no ring)
HPRegen 0.27/turn    (no ring)
MPRegen 0.14/turn    (no ring)
                     (no ring)

%: no passive effects
@: very slightly contaminated
A: almost no armour, amphibious, 8 rings, camouflage 1, gelatinous body 1,
(nimble swimmer 1), tentacles
a: Renounce Religion


You were in a bailey.
You worshipped Vehumet.
Vehumet was pleased with you.
You visited 1 branch of the dungeon, and saw 7 of its levels.
You also visited: Bailey.

You collected 308 gold pieces.

Inventory:

Hand Weapons
 b - a +0 short sword
 f - a +2 dagger of pain
 t - a +1 dagger of protection
 v - a +3 quarterstaff of chaos
 I - a +2 whip of draining (weapon)
Missiles
 m - 4 poisoned darts
Armour
 o - a +2 buckler (worn)
 p - a +0 hat (worn)
Magical Staves
 i - a staff of earth
 y - a staff of air
 C - a staff of cold
Jewellery
 c - a +6 ring of dexterity
 j - an amulet of faith
Wands
 r - a wand of paralysis (8)
 s - a wand of light (9)
Scrolls
 d - 2 scrolls of immolation
 e - 3 scrolls of poison
 g - a scroll of vulnerability
 k - 2 scrolls of enchant weapon
 n - 4 scrolls of noise
 u - 2 scrolls of fog
 w - a scroll of fear
 x - a scroll of brand weapon {unknown}
 z - a scroll of amnesia {unknown}
 A - a scroll of silence {unknown}
 D - a scroll of blinking {unknown}
 E - a scroll of enchant armour {unknown}
 G - a scroll of identify
Potions
 a - 3 potions of magic
 h - 3 potions of enlightenment
 l - 2 potions of might
 q - a potion of ambrosia
 B - 3 potions of curing
 F - 2 potions of heal wounds {unknown}
 H - a potion of lignification {unknown}


   Skills:
 - Level 3.2 Short Blades
 + Level 2.0 Maces & Flails
 + Level 4.8 Dodging
 + Level 6.9 Stealth
 + Level 3.0 Shields
 + Level 4.4 Spellcasting
 + Level 5.9 Conjurations
 - Level 2.0 Necromancy


You had 11 spell levels left.
You knew the following spells:

 Your Spells              Type           Power      Damage    Failure   Level
a - Magic Dart            Conj           100%       1d8       1%          1
b - Searing Ray           Conj           64%        2d6       2%          2
c - Foxfire               Conj/Fire      72%        2x1d7     4%          1

Your spell library contained the following spells:

 Spells                   Type           Power      Damage    Failure   Level
 Dazzling Flash           Conj/Hex       36%        N/A       14%         3
 Fulminant Prism          Conj/Hex       9%         3d7       43%         4
 Iskenderun's Mystic Bla  Conj/Tloc      18%        2d6       43%         4
 Summon Guardian Golem    Hex/Summ       5%         N/A       45%         3
 Orb of Destruction       Conj           16%        9d7       100%        7
 Spellforged Servitor     Conj/Summ      9%         N/A       100%        7


Dungeon Overview and Level Annotations

Branches:
Dungeon (7/15)             Bailey (1/1)
 Temple: D:4-7

Altars:
Elyvilon
Nemelex Xobeh
Okawaru
Sif Muna
Vehumet
Zin
The Shining One

Shops:
D:1 ([!!   D:4 [   D:6 ?

Annotations:
D:5 2 transporters, Edmund; hotbaconsauce's ghost, novice MiFi
D:7 1 runed translucent door


Innate Abilities, Weirdness & Mutations

You cannot wear most types of armour.
You are amphibious.
You can wear up to eight rings at the same time.
Your skin changes colour to match your surroundings (Stealth+).
Your rubbery body absorbs attacks. (AC +1, EV +1)
((You are camouflaged when in or above water. (Stealth+)))
You have tentacles for arms and can constrict up to eight enemies at once.


Message History

You conjure some foxfire!
The foxfire hits the gargoyle.
The gargoyle is heavily damaged.
The foxfire hits the gargoyle but does no damage.
The gargoyle is heavily damaged.
The foxfire hits the gargoyle but does no damage.
The gargoyle is heavily damaged.
Casting: Foxfire (safe; 4% risk of failure)
Confirm with . or Enter, or press ? or * to list all spells.
Aiming: Searing Ray (safe; 2% risk of failure)
Press: ? - help, Shift-Dir - straight line, f/p - gargoyle
Aim: a gargoyle, wielding a +0 mace (heavily damaged, ally target, 91% to hit)
You miscast Searing Ray.
You are very lightly contaminated with residual magic.
Nothing appears to happen.
The foxfire hits the gargoyle.
The gargoyle is severely damaged.
The gargoyle hurls a stone arrow at you.
The stone arrow hits you!
The foxfire hits the gargoyle but does no damage.
The gargoyle is severely damaged.
Casting: Searing Ray (safe; 2% risk of failure)
Confirm with . or Enter, or press ? or * to list all spells.
Aiming: Searing Ray (safe; 2% risk of failure)
Press: ? - help, Shift-Dir - straight line, f/p - gargoyle
Aim: a gargoyle, wielding a +0 mace (severely damaged, 91% to hit)
The searing ray hits the gargoyle.
The gargoyle is severely damaged. (Press . to maintain the ray.)
The gargoyle hurls a stone arrow at you.
The stone arrow hits you!
The searing ray hits the gargoyle but does no damage.
The gargoyle is severely damaged.
The gargoyle hurls a stone arrow at you.
The stone arrow hits you!!
* * * LOW HITPOINT WARNING * * *
Okay, then.
The searing ray hits the gargoyle but does no damage.
The gargoyle is severely damaged.
The gargoyle hurls a stone arrow at you.
The stone arrow hits you!
You die...

♣♣♣≈≈≈≈≈≈≈≈≈≈≈≈≈#).#≈≈≈≈≈≈♣
♣♣≈≈≈≈≈≈≈≈≈≈≈≈≈≈≈#..#≈≈≈≈≈≈♣
♣♣≈≈≈.....)).)....#..#####♣♣♣
♣≈≈≈...8.#)########).#...#
♣≈≈......#.).....##).#...#
♣♣♣......#..)....##..#...#
♣♣.8...#'#####+##..#...#
♣....##........#..#.).#
♣♣....#...@............#
♣.....#..9.............#
♣....##.)........♣...####
♣♣...8#..).....♣......'..#
♣...8.#.........♣.....#..#
♣.....#'####..♣.......##'###
♣.....#....#...♣.♣..♣..#)÷÷#
♣♣....#....#......♣♣...#÷..#
♣♣#'##+#..#....♣......#..[#


You could see a gargoyle.

Vanquished Creatures
  Sigmund (D:2)
  A black bear (D:4)
  Blork the orc (D:4)
  A bullfrog (D:6)
  7 vampire bats (Bailey)
  The ghost of holysushi the Charlatan, a weakling DsWn (D:3)
  4 wolf zombies (Bailey)
  An orc priest (D:7)
  4 hounds
  2 jellies (D:2)
  Crazy Yiuf (D:3)
  An orc wizard (D:7)
  A sleepcap (D:5)
  Ijyb (D:3)
  10 gnolls
  5 adders
  A white imp (D:6)
  3 ufetubi
  3 dart slugs
  5 orcs
  16 endoplasms
  2 giant cockroaches
  7 hobgoblins
  6 jackals (D:1)
  12 kobolds
  4 quokkas
  10 ball pythons
  2 bats
  17 goblins
  18 orc zombies (Bailey)
  4 rats
152 creatures vanquished.

Vanquished Creatures (others)
  7 foxfires (Bailey)
7 creatures vanquished.

Grand Total: 159 creatures vanquished

Notes
Turn   | Place    | Note
-------+----------+-------------------------------------------
     0 | D:1      | javelincjr the Octopode Conjurer began the quest for the
                  | Orb.
     0 | D:1      | Reached XP level 1. HP: 11/11 MP: 3/3
   126 | D:1      | Reached skill level 3 in Stealth
   126 | D:1      | Reached XP level 2. HP: 17/17 MP: 1/5
   328 | D:1      | Found Rilaets's Weapon Shop.
   445 | D:1      | Found Temmuc's Antique Armour Emporium.
   570 | D:1      | Reached XP level 3. HP: 21/21 MP: 2/6
   645 | D:1      | Found Nono's Distillery.
   737 | D:1      | Found Reyne's Distillery.
   821 | D:1      | Found a faded altar of an unknown god.
  1377 | D:2      | Reached XP level 4. HP: 27/27 MP: 4/7
  1407 | D:2      | Noticed Sigmund
  1412 | D:2      | Learned a level 2 spell: Searing Ray
  1425 | D:2      | Killed Sigmund
  1426 | D:2      | Reached skill level 1 in Short Blades
  1426 | D:2      | Reached skill level 4 in Stealth
  1426 | D:2      | Reached skill level 1 in Necromancy
  1426 | D:2      | Reached XP level 5. HP: 28/31 MP: 0/9
  1710 | D:2      | Reached XP level 6. HP: 36/36 MP: 1/10
  2221 | D:3      | Found an iron altar of Okawaru.
  2502 | D:3      | Noticed holysushi's ghost (weakling DsWn)
  2507 | D:3      | Found a runed translucent door.
  2593 | D:3      | Found a radiant altar of Vehumet.
  2750 | D:3      | Became a worshipper of Vehumet
  2825 | D:3      | Noticed Ijyb
  2840 | D:3      | Killed Ijyb
  2996 | D:3      | Found a white marble altar of Elyvilon.
  3113 | D:3      | Found a runed translucent door.
  3114 | D:3      | Noticed Crazy Yiuf
  3247 | D:3      | Killed holysushi's ghost
  3351 | D:3      | Killed Crazy Yiuf
  3352 | D:3      | Reached skill level 5 in Stealth
  3449 | D:4      | Reached skill level 5 in Conjurations
  3449 | D:4      | Reached XP level 7. HP: 41/41 MP: 4/11
  3645 | D:4      | Found Nam Hadgh's Antique Armour Shop.
  3758 | D:4      | Noticed Blork the orc
  3771 | D:4      | Killed Blork the orc
  4010 | D:4      | Reached skill level 1 in Shields
  4186 | D:4      | Found a shimmering blue altar of Sif Muna.
  4272 | D:4      | Found a sparkling altar of Nemelex Xobeh.
  4305 | D:4      | Found a glowing silver altar of Zin.
  4319 | D:4      | Found a glowing golden altar of the Shining One.
  4612 | D:5      | Entered Level 5 of the Dungeon
  4991 | D:5      | Noticed Edmund
  5159 | D:5      | Found a transporter.
  5165 | D:5      | Found a transporter.
  5166 | D:5      | Noticed hotbaconsauce's ghost (novice MiFi)
  5743 | D:6      | Reached XP level 8. HP: 46/46 MP: 8/13
  5911 | D:6      | Reached skill level 6 in Stealth
  6038 | D:6      | Found Waoso's Magic Scroll Emporium.
  6213 | D:7      | Reached * piety under Vehumet
  6213 | D:7      | Offered knowledge of Sandblast by Vehumet.
  6314 | D:7      | Found a runed translucent door.
  6314 | D:7      | Noticed a sixfirhy
  6393 | D:7      | Found a flagged portal.
  6405 | Bailey   | Entered a bailey
  6975 | Bailey   | Reached skill level 1 in Maces & Flails
  7004 | Bailey   | Offered knowledge of Foxfire by Vehumet.
  7005 | Bailey   | Reached ** piety under Vehumet
  7424 | Bailey   | Noticed a gargoyle
  7454 | Bailey   | Learned a level 1 spell: Foxfire
  7465 | Bailey   | Killed from afar by a gargoyle

Illustrated notes

Levels and vault maps discovered:
D:1:      lightli_arrival_statue_moat, layout_basic,
          chequers_ecumenical_altar_simple_redux, serial_shops, shop, shop,
          shop, nicolae_diamond_shop
D:2:      cheibrodos_fertilizer, layout_basic, uniq_sigmund
D:3:      kennysheep_the_goblin_king, layout_basic, okawaru_gym_becter,
          lemuel_coloured_pillars_altar, overflow_temple_1_default,
          hellmonk_ghost_happy_afterlife, uniq_ijyb, uniq_crazy_yiuf_cottage
D:4:      layout_loops_ring, nicolae_overflow_hidden_temple,
          nemelex_xobeh_ov_fountains_minmay, serial_shops, kennysheep_mini_moat,
          grunt_ministairs_1, uniq_blork_the_orc
D:5:      layout_layer_cave, gammafunk_ghost_hive, kennysheep_generic_room_5,
          uniq_edmund
D:6:      layout_rooms, serial_shops, nicolae_shop_back_alley_shop
D:7:      cheibrodos_shockbox, layout_rooms,
          minmay_temple_entry_statues_pillars, enter_bailey_3,
          nicolae_kite_square_tiling_tiny
Bailey:   bailey_polearm_vampire_castle_hellmonk, bailey

Skill      XL: |  1  2  3  4  5  6  7  8 |
---------------+-------------------------+-----
Stealth        | 3 4 5 6 |  6.9
Short Blades   | 1 2 3 |  3.2
Dodging        | 3 4 |  4.8
Necromancy     | 1 2 |  2.0
Spellcasting   | 3 4 |  4.4
Conjurations   | 5 |  5.9
Shields        | 1 3 |  3.0
Maces & Flails | 2 |  2.0

Action                     |  1- 3 |  4- 6 |  7- 9 || total
---------------------------+-------+-------+-------++-------
  Melee: Short sword       |    10 |       |       ||    10
         Constrict         |     6 |     1 |     5 ||    12
         Tentacles         |     3 |     4 |     7 ||    14
         Dagger            |    12 |     9 |    12 ||    33
         Punch             |       |       |     2 ||     2
         Whip              |       |       |    22 ||    22
   Cast: Magic Dart        |    56 |    69 |   148 ||   273
         Searing Ray       |       |     9 |    25 ||    34
         Foxfire           |       |       |     4 ||     4
    Use: Scroll            |       |       |    11 ||    11
   Stab: Sleeping          |       |     1 |     1 ||     2
 Armour: Skin              |     1 |     1 |     5 ||     7
  Dodge: Dodged            |    25 |    10 |    48 ||    83
  Block: Buckler           |       |     3 |    30 ||    33

Table legend: (Time is in decaauts)
 A = Elapsed time spent in this place.
 B = Non-inter-level travel time spent in this place.
 C = Inter-level travel time spent in this place.
 D = Time resting spent in this place.
 E = Time spent auto-exploring this place.
 F = Levels seen in this place.
 G = Mean time per level.
                   A        B        C        D        E       F      G
               +--------+--------+--------+--------+--------+-----+--------+
         Total |   7464 |   7262 |    202 |    352 |   5703 |   8 |  933.0 |
       Dungeon |   6402 |   6200 |    202 |    266 |   5051 |   7 |  914.6 |
        Bailey |   1061 |   1061 |      0 |     86 |    652 |   1 | 1061.0 |
               +--------+--------+--------+--------+--------+-----+--------+

Top non-repeatable levels by time:
     D:3: 1383 daAuts
     D:2: 1162 daAuts
     D:4: 1106 daAuts
  Bailey: 1061 daAuts
     D:5: 1028 daAuts
     D:1: 958 daAuts
     D:6: 561 daAuts
     D:7: 201 daAuts
